Map: [ESL] Crimson Court

Players

trigger

  • Race: Protoss Protoss
  • Spawn Location: 7:00

Spirit - Winner!

  • Race: Terran Terran
  • Spawn Location: 1:00

Event: ESL Spring 2024 Finals

VOD

Have the link to the VOD?

Description

Time

  • Played on: May 31, 2024, 5:37 p.m.
  • Length: 11:33

All games in this series

Show
View Real Time Build Order
Export as new Build Order

trigger Protoss 

Build Orders: 1 Gate Expand, Blink Stalkers 

Get SALT Encoding   

  12  0:00  Probe  
  13  0:12  Probe  
  14  0:16  Pylon  
  14  0:24  Probe (Chrono Boost)  
  15  0:35  Gateway  
  16  0:36  Probe (Chrono Boost)  
  16  0:43  Probe (Chrono Boost)  
  16  0:45  Assimilator  
  17  0:50  Probe  
  18  1:03  Probe  
  19  1:15  Probe  
  20  1:22  Cybernetics Core  
  20  1:31  Nexus  
  20  1:37  Pylon  
  20  1:43  Assimilator  
  20  1:45  Probe  
  21  1:56  Stalker (Chrono Boost)  
  21  1:57  Probe  
  24  2:02  Warp Gate  
  24  2:09  Probe (Chrono Boost)  
  25  2:18  Stalker  
  25  2:21  Probe (Chrono Boost)  
  28  2:29  Probe (Chrono Boost)  
  29  2:35  Twilight Council  
  29  2:40  Probe (Chrono Boost)  
  30  2:44  Probe (Chrono Boost)  
  30  2:48  Stalker  
  34  2:56  Probe x2 (Chrono Boost)  
  35  3:02  Gateway  
  35  3:03  Probe  
  36  3:05  Robotics Facility  
  36  3:08  Probe  
  37  3:15  Probe  
  38  3:20  Probe  
  39  3:27  Probe  
  39  3:31  Blink (Chrono Boost)  
  39  3:34  Probe  
  41  3:40  Probe  
  40  3:46  Probe  
  41  3:50  Warp Prism (Chrono Boost)  
  44  3:56  Stalker  
  44  3:58  Pylon  
  45  4:03  Nexus  
  45  4:09  Probe  
  46  4:16  Probe  
  47  4:18  Observer  
  47  4:19  Stalker x2  
  47  4:21  Probe  
  47  4:23  Assimilator  
  53  4:25  Assimilator  
  53  4:28  Probe  
  53  4:30  Shield Battery  
  54  4:37  Pylon  
  54  4:43  Probe  
  54  4:52  Probe  
  54  4:56  Stalker x2  
  54  4:57  Probe (Chrono Boost)  
  57  5:04  Probe (Chrono Boost)  
  58  5:13  Probe (Chrono Boost)  
  59  5:15  Probe (Chrono Boost)  
  59  5:17  Probe (Chrono Boost)  
  59  5:18  Charge (Chrono Boost)  
  62  5:22  Robotics Bay  
  62  5:24  Gateway  
  62  5:26  Probe (Chrono Boost)  
  62  5:28  Gateway  
  63  5:29  Probe (Chrono Boost)  
  63  5:30  Probe (Chrono Boost)  
  63  5:33  Probe (Chrono Boost)  
  63  5:35  Probe  
  65  5:38  Probe  
  67  5:43  Stalker  
  67  5:44  Probe  
  67  5:47  Stalker, Probe  
  72  5:50  Probe  
  72  5:56  Probe  
  74  5:59  Probe  
  74  6:02  Probe  
  76  6:08  Probe  
  76  6:10  Pylon x2  
  77  6:26  Probe  
  77  6:31  Zealot x4  
  91  6:33  Probe x2  
  92  6:45  Probe  
  84  6:49  Extended Thermal Lance  
  84  6:52  Stalker x4, Robotics Facility, Gateway  
  72  7:08  Probe  
  72  7:09  Probe x2  
  72  7:11  Gateway  
  72  7:12  Gateway  
  73  7:15  Zealot  
  73  7:16  Zealot x2  
  73  7:22  Pylon  
  67  7:37  Stalker  
  67  7:41  Pylon  
  67  7:43  Stalker x2  
  65  7:44  Probe x2  
  65  7:49  Zealot  
  67  7:52  Nexus  
  67  8:02  Probe  
  68  8:06  Robotics Facility  
  68  8:09  Pylon  
  68  8:11  Sentry x2  
  72  8:18  Robotics Facility  
  70  8:28  Pylon  
  70  8:30  Zealot  
  70  8:31  Zealot x3  
  78  8:39  Zealot x2  
  82  8:43  Shield Battery  
  82  8:44  Pylon  
  82  8:48  Shield Battery  
  88  8:56  Colossus (Chrono Boost)  
  88  9:06  Colossus (Chrono Boost)  
  94  9:20  Zealot x3  
  94  9:21  Zealot x3  
  104  9:35  Shield Battery, Immortal (Chrono Boost)  
  106  9:45  Zealot x2  
  89  9:49  Zealot  
  89  9:51  Zealot x3  
  75  10:01  Immortal (Chrono Boost)  
  75  10:03  Colossus (Chrono Boost)  
  83  10:07  Stalker  
  83  10:22  Zealot x5  
  93  10:29  Colossus (Chrono Boost)  
  93  10:37  Probe  
  93  10:38  Probe  
  93  10:42  Stalker x3  
  101  10:52  Immortal (Chrono Boost)  
  101  10:54  Stalker  
  107  11:00  Zealot x2  
  109  11:07  Zealot x2  
  109  11:08  Zealot  
  83  11:19  Stalker  
Show
View Real Time Build Order
Export as new Build Order

Spirit Terran - Winner!

Build Orders: Cyclone Opening, Gas First Reaper Expand 

Get SALT Encoding   

  12  0:00  SCV  
  13  0:12  SCV  
  14  0:17  Supply Depot  
  14  0:24  SCV  
  14  0:27  Refinery  
  15  0:38  SCV  
  16  0:44  Barracks  
  16  0:50  SCV  
  17  1:02  SCV  
  18  1:14  SCV  
  19  1:32  Orbital Command, Reaper  
  20  1:44  Command Center  
  20  1:54  Factory  
  20  1:57  SCV  
  21  2:03  Supply Depot  
  21  2:06  Barracks Reactor  
  21  2:09  SCV  
  21  2:13  Refinery  
  22  2:22  SCV  
  23  2:34  SCV  
  24  2:39  Cyclone  
  24  2:41  Marine x2  
  28  2:46  SCV  
  28  2:51  Starport  
  29  2:58  SCV  
  30  2:59  Marine x2  
  32  3:10  SCV  
  32  3:11  Orbital Command  
  33  3:13  Widow Mine  
  35  3:20  Barracks  
  35  3:22  SCV  
  35  3:23  Marine x2  
  37  3:34  Widow Mine  
  37  3:39  SCV  
  40  3:42  SCV  
  40  3:44  Medivac  
  43  3:50  Supply Depot  
  43  3:51  SCV  
  43  3:54  SCV  
  45  3:56  Factory Tech Lab  
  45  3:58  Marine  
  46  4:08  Barracks Tech Lab  
  46  4:09  Supply Depot  
  46  4:12  SCV x2, Marine  
  46  4:14  Liberator  
  46  4:15  Marine  
  53  4:22  Supply Depot  
  53  4:25  SCV  
  53  4:30  Supply Depot, Marine x2  
  53  4:31  Siege Tank  
  59  4:34  Stimpack  
  59  4:36  SCV  
  60  4:39  SCV  
  60  4:44  Marine  
  62  4:48  SCV, Marine  
  62  4:51  SCV  
  65  4:54  Marine  
  65  4:56  Supply Depot  
  66  5:00  SCV  
  66  5:03  SCV  
  68  5:09  Siege Tank  
  68  5:12  SCV  
  69  5:15  SCV  
  69  5:19  Marine  
  71  5:22  Refinery  
  71  5:23  Supply Depot, Refinery  
  71  5:24  SCV, Marine  
  71  5:27  SCV  
  74  5:28  Medivac  
  74  5:33  Supply Depot, Marine  
  77  5:36  SCV  
  77  5:38  Marine  
  77  5:39  SCV  
  80  5:43  Marine  
  80  5:44  Supply Depot  
  80  5:48  SCV  
  82  5:50  Siege Tank  
  82  5:51  SCV, Marine  
  82  5:52  Supply Depot  
  82  5:56  Marine  
  87  6:01  SCV, Starport Reactor, Marine  
  89  6:09  SCV, Marine, Engineering Bay  
  91  6:13  Combat Shield  
  91  6:19  SCV, Marine, Barracks  
  91  6:21  Supply Depot  
  91  6:25  Marine  
  94  6:31  SCV, Marine  
  94  6:35  SCV  
  94  6:36  Marine  
  94  6:38  Terran Infantry Weapons Level 1  
  96  6:43  SCV, Marine  
  96  6:47  Siege Tank, Command Center  
  99  6:48  SCV, Marine  
  96  6:54  Marine  
  96  6:55  SCV  
  96  7:00  SCV, Marine  
  95  7:06  Marine  
  95  7:07  SCV  
  97  7:08  Barracks Tech Lab  
  97  7:11  Barracks  
  97  7:12  Supply Depot, SCV, Marine  
  97  7:13  Barracks  
  99  7:20  SCV, Marine  
  101  7:24  SCV  
  101  7:25  Marauder  
  98  7:30  Marine  
  98  7:32  SCV, Concussive Shells  
  98  7:36  SCV, Marauder  
  98  7:38  Marine  
  98  7:44  SCV, Medivac x2  
  101  7:46  Marauder  
  101  7:48  Marine  
  102  7:53  SCV  
  102  7:54  Ghost Academy  
  102  7:56  SCV, Marine  
  102  7:57  Marauder  
  107  8:05  SCV  
  108  8:06  Barracks Tech Lab, Missile Turret  
  108  8:07  Barracks Tech Lab, Marauder  
  108  8:09  SCV  
  111  8:14  Widow Mine, Medivac  
  111  8:17  SCV  
  111  8:19  Marauder  
  118  8:22  Missile Turret  
  118  8:23  Orbital Command  
  118  8:26  Ghost  
  118  8:30  Ghost  
  120  8:36  Ghost  
  120  8:39  SCV, Ghost  
  122  8:45  Widow Mine  
  123  8:54  Refinery x2  
  123  8:55  Ghost  
  123  8:58  Ghost  
  123  9:01  Supply Depot  
  127  9:04  Ghost  
  127  9:07  Marine  
  127  9:08  Ghost  
  127  9:09  Marine  
  133  9:11  Command Center  
  133  9:14  Terran Infantry Armor Level 1  
  133  9:21  Armory  
  133  9:23  SCV  
  136  9:24  Engineering Bay, Marauder  
  136  9:25  Marine  
  136  9:27  Marine, Marauder  
  136  9:28  SCV  
  136  9:29  Supply Depot  
  141  9:32  Medivac x2  
  141  9:33  SCV  
  141  9:34  Marauder  
  141  9:36  SCV  
  141  9:37  Marauder  
  144  9:46  Marauder  
  144  9:47  Marine  
  144  9:48  SCV, Marine  
  144  9:49  Marauder  
  132  9:55  Marauder  
  132  9:58  Marauder  
  122  10:01  Widow Mine  
  122  10:05  Marine  
  122  10:06  Marine, Viking  
  128  10:07  Marauder  
  128  10:09  Viking  
  128  10:10  Marine  
  129  10:17  Marauder  
  129  10:19  Marine  
  132  10:23  Marine, Widow Mine  
  132  10:24  Marine  
  132  10:26  SCV x3  
  132  10:28  Marauder x2  
  143  10:37  Marine, Sensor Tower  
  143  10:38  SCV, Marauder  
  143  10:40  Viking  
  143  10:41  Marine  
  143  10:42  Viking  
  152  10:49  Marauder  
  154  10:50  Marauder  
  154  10:51  SCV x2, Missile Turret  
  154  10:52  Marine  
  154  10:56  Marauder  
  159  10:59  Marauder  
  159  11:04  Marine  
  160  11:09  Marine  
  160  11:11  Marauder x2  
Tags
 
Add a new tag
Caveats
  • Supply blocks, unpowered buildings, or Contaminate may cause inaccurate times.
  • Supply counts are checked every 10 seconds.